 Dungeon Crawl Stone Soup version 0.30-a0-867-g305f33218d (webtiles) character file.

Game seed: 11511720583286016188

450 domi the Covert (level 6, -7/41 HPs)
             Began as a Vampire Enchanter on Mar 10, 2023.
             Was the Champion of Uskayaw.
             Mangled by an ogre
             ... wielding a +0 giant club
              (29 damage)
             ... on level 5 of the Dungeon.
             The game lasted 00:05:37 (3496 turns).

domi the Covert (Vampire Enchanter)                 Turns: 3496, Time: 00:05:38

Health: -7/41      AC:  3    Str:  7    XL:     6   Next: 74%
Magic:  9/9        EV: 12    Int: 20    God:    Uskayaw [******]
Gold:   203        SH:  4    Dex: 14    Spells: 1/9 levels left

rFire   . . .      SeeInvis +    a - +1 dagger
rCold   . . .      Faith    .    f - +0 buckler
rNeg    . . .      Spirit   .    b - +0 robe
rPois   .          Reflect  .    (no helmet)
rElec   .          Rampage  .    g - scarf {shadows}
rCorr   .                        k - +0 pair of gloves
Will    .....                    (no boots)
Stlth   ++++                     h - amulet of magic regeneration
HPRegen 0.46/turn                (no ring)
MPRegen 0.51/turn                (no ring)

@: healing quickly
A: alive, fangs 3, see invisible, vampiric 2
a: Exsanguinate, Renounce Religion, Stomp, Line Pass, Grand Finale


You were on level 5 of the Dungeon.
You worshipped Uskayaw.
Uskayaw was noncommittal.
You visited 2 branches of the dungeon, and saw 6 of its levels.

You collected 203 gold pieces.

Inventory:

Hand Weapons
 a - a +1 dagger (weapon)
 x - the +8 dagger of the Walnut {flame, rC+ Str+3 Dex+6}
   (You found it on level 3 of the Dungeon)

   Str:       It affects your strength (+3).
   Dex:       It affects your dexterity (+6).
   rC:        It protects you from cold.
Missiles
 m - 6 poisoned darts
 A - 6 atropa-tipped darts
Armour
 b - a +0 robe (worn)
 f - a +0 buckler (worn)
   (You found it on level 1 of the Dungeon)
 g - a scarf of shadows (worn)
   (You found it on level 1 of the Dungeon)
 k - a +0 pair of gloves (worn)
   (You found it on level 2 of the Dungeon)
 C - a +0 helmet
   (You found it on level 4 of the Dungeon)
Jewellery
 h - an amulet of magic regeneration (around neck)
   (You found it on level 1 of the Dungeon)
 y - a +5 ring of evasion
   (You found it on level 3 of the Dungeon)
Wands
 w - a wand of flame (12)
   (You found it on level 3 of the Dungeon)
Scrolls
 d - a scroll of poison {unknown}
 j - 2 scrolls of silence {unknown}
 l - a scroll of magic mapping {unknown}
 o - a scroll of teleportation {unknown}
 s - 6 scrolls of identify {unknown}
 t - a scroll of vulnerability {unknown}
 v - a scroll of brand weapon {unknown}
 z - a scroll of immolation {unknown}
Potions
 c - a potion of invisibility
 e - a potion of berserk rage {unknown}
 i - 2 potions of curing {@q1}
 n - a potion of mutation {unknown}
 p - a potion of degeneration {unknown}
 q - a potion of lignification {unknown}
 r - 3 potions of ambrosia {unknown}
 u - a potion of attraction {unknown}
 B - a potion of flight {unknown}


   Skills:
 - Level 1.1 Short Blades
 - Level 2.1 Dodging
 * Level 8.1 Stealth
 + Level 2.3 Shields
 - Level 2.0 Spellcasting
 * Level 7.7 Hexes
 + Level 1.1 Invocations


You had one spell level left.
You knew the following spells:

 Your Spells              Type           Power      Damage    Failure   Level
x - Tukima's Dance        Hex            33%        N/A       2%          3
z - Ensorcelled Hibernat  Hex/Ice        34%        N/A       6%          2
Z - Confusing Touch       Hex            33%        N/A       2%          3

Your spell library contained the following spells:

 Spells                   Type           Power      Damage    Failure   Level
 Foxfire                  Conj/Fire      8%         2x1d4     21%         1
 Dazzling Flash           Conj/Hex       34%        N/A       13%         3
 Fireball                 Conj/Fire      1%         3d3       99%         5
 Starburst                Conj/Fire      1%         6d3       100%        6


Dungeon Overview and Level Annotations

Branches:
Dungeon (5/15)             Temple (1/1) D:4

Altars:
Ashenzari
Cheibriados
Dithmenos
Fedhas
Kikubaaqudgha
Makhleb
Nemelex Xobeh
Okawaru
Ru
Sif Muna
Trog
Uskayaw
Vehumet
Wu Jian
Xom
Yredelemnul

Annotations:
D:3 2 transporters, luigi's ghost, amateur DrTm


Innate Abilities, Weirdness & Mutations

Your natural rate of healing is accelerated.
You have razor-sharp teeth.
You have supernaturally acute eyesight. (SInv)
You are afflicted with vampirism and can become a bat while bloodless.


Message History

You hit the orc.
You hear a bark!
A jackal comes into view.
The orc closely misses you.
You hear a shout!
You can now merge with and destroy a victim.
You catch the helpless orc completely off-guard!
You impale the orc!!
You kill the orc!
The orc wizard barely misses you.
Things that are here:
a +0 hand axe; a +0 morningstar; a +0 leather armour You catch the helpless orc wizard completely off-guard!
You puncture the orc wizard!
You kill the orc wizard!
Your Stealth skill increases to level 8!
Your Invocations skill increases to level 1!
Found an escape hatch in the floor.
The orc barely misses you.
Things that are here:
a +0 dagger; a +0 robe The jackal barks!
You hit the orc. The orc completely misses you.
You closely miss the orc. You block the orc's attack.
You hit the orc. Your bite misses the orc. You barely miss the orc.
An orc comes into view. It is wielding a +0 club.
The orc misses you.
You strike the helpless orc from behind!
You puncture the orc!
You kill the orc!
The orc shouts! x2; You hear a shout! 2 orcs come into view.
An orc is wielding a +3 mace of holy wrath.
The orc shouts!
An ogre comes into view. It is wielding a +0 giant club.
An orc wizard comes into view. It is wielding a +0 dagger.
An orc comes into view.
It is wielding a +1 flail of protection.
You catch the helpless iguana completely off-guard!
You puncture the iguana!
The ogre shouts!
You bite the iguana, but do no damage. The iguana completely misses you.
You catch the helpless iguana completely off-guard!
You impale the iguana!!
You kill the iguana!
An orc comes into view. It is wielding a +0 hand axe.
The orc shouts!
Found a stone staircase leading up.
The orc hits you with a +1 flail of protection!
The orc shouts!
You hit the orc but do no damage. The orc barely misses you.
The jackal barks!
You hit the orc.
The jackal barks!
You hit the orc but do no damage. The orc hits you but does no damage.
You closely miss the orc. You block the orc's attack.
You strike the helpless orc from behind!
You puncture the orc!
You kill the orc!
The orc throws a stone.
The stone misses you.
You flicker for a moment.
The orc barely misses you. The ogre closely misses you.
The orc wizard points at something and mumbles some strange words.
The orc appears confused.
The orc shouts!
You hear a bark!
Uskayaw links your audience in an emotional bond!
You strike the helpless orc from behind!
You impale the orc!!
You kill the orc!
You hear a bark! x2
You hit the orc.
You kill the orc!
The orc wizard is no longer sharing its pain.
You block the ogre's attack.
You hit the ogre.
You kill the orc!
You bite the ogre.
The ogre is no longer sharing its pain.
The orc is no longer sharing its pain.
The ogre hits you with a +0 giant club!!
Ouch! That really hurt!
* * * LOW HITPOINT WARNING * * *
The orc throws a boomerang.
The boomerang closely misses the orc wizard.
The boomerang closely misses you.
Unknown command.
Okay, then.
The orc throws a boomerang.
The boomerang hits the ogre.
Uskayaw prepares the audience for your solo!
It was a potion of curing.
You feel better.
The ogre is no longer paralysed.
The orc wizard is no longer paralysed.
Okay, then.
You hit the ogre.
You flicker back into view.
The jackal is no longer paralysed. x2; The orc is no longer paralysed.
The ogre closely misses you.
You hit the ogre. Your bite misses the ogre. The ogre misses you.
You hit the ogre. You bite the ogre, but do no damage. You hit the ogre.
The ogre hits you with a +0 giant club!!
Ouch! That really hurt!
You die...

...####..#..)####
##.....#.....)).###
#####.#######....#####
#.# #)##..... #.#
#)#....# #.# #).....#
#.# .####....>#.. #.#
.......)......
..####@####... #O# ..
#hoo..... .h)h$...##
...........#
..........<..
.............
.............


You could see an ogre, an orc wizard, an orc and 3 jackals.

Vanquished Creatures
  A scorpion (D:4)
  3 hounds
  2 orc priests (D:5)
  An iguana (D:5)
  2 orc wizards (D:5)
  6 adders
  A white imp (D:5)
  2 ufetubi (D:4)
  A dart slug (D:1)
  12 orcs
  4 bats
  4 endoplasms
  A giant cockroach (D:3)
  7 goblins
  8 hobgoblins
  11 jackals
  3 quokkas
  5 ball pythons
  3 frilled lizards
  5 kobolds
  9 rats
91 creatures vanquished.

Vanquished Creatures (others)
  An orc (D:5)
  A plant (D:4)
2 creatures vanquished.

Grand Total: 93 creatures vanquished

Notes
Turn   | Place    | Note
-------+----------+-------------------------------------------
     0 | D:1      | domi the Vampire Enchanter began the quest for the Orb.
     0 | D:1      | Reached XP level 1. HP: 13/13 MP: 3/3
   137 | D:1      | HP: 2/13 [frozen (4)]
   233 | D:1      | Reached XP level 2. HP: 19/19 MP: 5/5
   252 | D:1      | Reached skill level 5 in Stealth
   268 | D:1      | Learned a level 2 spell: Ensorcelled Hibernation
   380 | D:1      | Reached skill level 5 in Hexes
   934 | D:2      | Gained mutation: You are afflicted with vampirism and can
                  | become a bat while bloodless. [Vampire growth]
   934 | D:2      | Reached XP level 3. HP: 19/24 MP: 1/6
  1269 | D:3      | Learned a level 3 spell: Confusing Touch
  1274 | D:3      | Found a bloodstained altar of Trog.
  1307 | D:3      | Noticed luigi's ghost (amateur DrTm)
  1311 | D:3      | Found a transporter.
  1315 | D:3      | Found a transporter.
  1345 | D:3      | Reached skill level 1 in Shields
  1350 | D:3      | Found a faded altar of an unknown god.
  1457 | D:3      | Reached skill level 6 in Stealth
  1457 | D:3      | Reached XP level 4. HP: 30/30 MP: 7/7
  1516 | D:3      | Identified the +8 dagger of the Walnut {flame, rC+ Str+3
                  | Dex+6}
  1762 | D:3      | Reached skill level 6 in Hexes
  2230 | D:4      | HP: 5/30 [hound (5)]
  2232 | D:4      | Reached XP level 5. HP: 7/35 MP: 2/8
  2298 | D:4      | Learned a level 3 spell: Tukima's Dance
  2545 | D:4      | Found a staircase to the Ecumenical Temple.
  2563 | Temple   | Entered the Ecumenical Temple
  2877 | Temple   | Became a worshipper of Uskayaw the Reveller
  2966 | D:4      | Reached * piety under Uskayaw
  2967 | D:4      | Reached skill level 7 in Stealth
  3194 | D:4      | Reached skill level 7 in Hexes
  3326 | D:5      | Entered Level 5 of the Dungeon
  3358 | D:5      | Reached ** piety under Uskayaw
  3359 | D:5      | Reached skill level 2 in Shields
  3359 | D:5      | Reached XP level 6. HP: 40/41 MP: 5/9
  3367 | D:5      | Found an iron altar of Okawaru.
  3454 | D:5      | Reached *** piety under Uskayaw
  3455 | D:5      | Reached **** piety under Uskayaw
  3465 | D:5      | Reached ***** piety under Uskayaw
  3469 | D:5      | Reached skill level 8 in Stealth
  3469 | D:5      | Reached skill level 1 in Invocations
  3479 | D:5      | Reached ****** piety under Uskayaw
  3490 | D:5      | HP: 10/41 [ogre/+0 giant club (25)]
  3496 | D:5      | Mangled by an ogre

Illustrated notes

Levels and vault maps discovered:
D:1:      onia_arrival_mini_maze, layout_basic, serial_glass, glass_columns_b,
          glass_columns_a, item_on_display_a, item_on_display_a,
          feat_on_display, due_unseen_surprise
D:2:      layout_basic
D:3:      layout_basic, bloody_trog, gammafunk_ghost_arena,
          shapermc_ecumenical_altar_mp_highgroup
D:4:      layout_basic, minmay_temple_entry_gardened_gates
D:5:      layout_rooms, okawaru_metal_pillars_1_2
Temple:   minmay_temple_bridge_d

Skill      XL: |  1  2  3  4  5  6 |
---------------+-------------------+-----
Stealth        | 5 6 7 8 |  8.1
Hexes          | 5 6 7 |  7.7
Shields        | 1 2 |  2.3
Invocations    | 1 |  1.1
Short Blades   | |  1.1
Dodging        | |  2.1
Spellcasting   | |  2.0

Action                     |  1- 3 |  4- 6 || total
---------------------------+-------+-------++-------
  Melee: Dagger            |   140 |   183 ||   323
         Bite              |    15 |    23 ||    38
         Punch             |     2 |       ||     2
   Cast: Ensorcelled Hiber |     8 |    20 ||    28
         Confusing Touch   |       |     3 ||     3
    Use: Potion            |     1 |     2 ||     3
   Stab: Sleeping          |    17 |    17 ||    34
         Invisible         |     2 |     9 ||    11
         Confused          |       |     2 ||     2
         Paralysed         |       |     3 ||     3
 Armour: Robe              |    29 |    39 ||    68
  Dodge: Dodged            |   103 |   127 ||   230
  Block: Buckler           |    11 |    35 ||    46

Table legend: (Time is in decaauts)
 A = Elapsed time spent in this place.
 B = Non-inter-level travel time spent in this place.
 C = Inter-level travel time spent in this place.
 D = Time resting spent in this place.
 E = Time spent auto-exploring this place.
 F = Levels seen in this place.
 G = Mean time per level.
                   A        B        C        D        E       F      G
               +--------+--------+--------+--------+--------+-----+--------+
         Total |   3493 |   3186 |    307 |    118 |   2315 |   6 |  582.2 |
       Dungeon |   3107 |   2946 |    161 |    118 |   2087 |   5 |  621.4 |
        Temple |    385 |    239 |    146 |      0 |    228 |   1 |  385.0 |
               +--------+--------+--------+--------+--------+-----+--------+

Top non-repeatable levels by time:
     D:4: 904 daAuts
     D:1: 840 daAuts
     D:3: 771 daAuts
     D:2: 421 daAuts
  Temple: 385 daAuts
     D:5: 170 daAuts

Table legend:
 A = Kills in this place as a percentage of kills in the entire game.
 B = Kills by you in this place as a percentage of kills by you in the entire game.
 C = Kills by friends in this place as a percentage of kills by friends in the entire game.
 D = Other kills in this place as a percentage of other kills in the entire game.
 E = Experience gained in this place as a percentage of experience gained in the entire game.
 F = Experience gained in this place divided by the number of levels of this place that you have seen.
                   A       B       C       D       E      F
               +-------+-------+-------+-------+-------+----------------------
         Total | 100.0 | 100.0 |   N/A |   N/A | 100.0 | 107.2
       Dungeon | 100.0 | 100.0 |   N/A |   N/A | 100.0 | 128.6
               +-------+-------+-------+-------+-------+----------------------
